 Dungeon Sprint DCSS version 0.17-a0-1830-g81820eb (webtiles) character file.

93 Kidiri the Covered (level 4, -10/27 HPs)
             Began as a Gargoyle Fighter on Sept 13, 2015.
             Mangled by a water elemental (11 damage)
             ... in the Dungeon (Sprint III: "The Ten Rune Challenge").
             The game lasted 00:03:16 (279 turns).

Kidiri the Covered (Gargoyle Fighter)                Turns: 279, Time: 00:03:18

Health: -10/27     AC: 11    Str: 20    XL:     4   Next: 62%
Magic:  4/4        EV:  8    Int:  8    God:
Gold:   34         SH: 10    Dex: 10    Spells: 0 memorised, 3 levels left

rFire  . . .     SeeInvis .     a - +0 flail
rCold  . . .     Clarity  .     b - +0 scale mail
rNeg   + . .     SustAt   .     c - +0 shield
rPois  ∞         Gourm    .     (helmet restricted)
rElec  +         Spirit   .     (no cloak)
rCorr  .         Warding  .     (no gloves)
rMut   .         NoTele   +     (no boots)
MR     .....                    (no amulet)
Stlth  ..........               (no ring)
                                (no ring)

@: engulfed, not resistant to hostile enchantments, extremely unstealthy
A: antennae 1, breathe flames 1, frail 1, negative energy resistance 1, sense
surroundings 1, electricity resistance, unbreathing, petrification resistance,
rot immunity, MP-powered wands, AC +3
a: Breathe Fire


You were in the Dungeon.
You were not hungry.

You visited 1 branch You collected 34 gold pieces.

Inventory:

Hand weapons
 a - a +0 flail (weapon)
Armour
 b - a +0 scale mail (worn)
 c - a +0 shield (worn)
 m - a +0 ring mail
Scrolls
 k - a scroll of blinking
 l - a scroll of immolation
 o - a scroll of torment
 p - a scroll of remove curse
 u - 3 scrolls of amnesia
Potions
 d - a potion of might
 f - a potion of curing
 g - a potion of heal wounds
 h - a potion of haste
 i - 2 potions of magic
 j - a potion of berserk rage
 s - 3 potions of cure mutation
 t - 4 potions of flight
Comestibles
 e - a bread ration
 r - a meat ration
 v - a royal jelly


   Skills:
 + Level 4.7 Fighting
 * Level 4.6 Maces & Flails
 * Level 5.9 Armour
 + Level 2.2 Dodging
 * Level 5.6 Shields


You had 3 spell levels left.
You didn't know any spells.

Dungeon Overview and Level Annotations

Branches:
Dungeon (1/1)

Altars:


Innate Abilities, Weirdness & Mutations

You are resistant to torment.
Your stone body is resilient (AC +3).
You are immune to poison.
You resist negative energy.
You are resistant to electric shocks.
You can survive without breathing.
You are immune to petrification.
You are immune to rotting.
You have a pair of small antennae on your head.
You can breathe flames.
You are frail (-10% HP).
You passively map a small area around you.
You expend magic power (3 MP) to strengthen your wands.


Message History

You open the door.
A water elemental comes into view.
There is an open door to the Ecumenical Temple here.
Unknown command.
You completely miss the water elemental.
The water elemental barely misses you.
You closely miss the water elemental. The water elemental hits you!
The water elemental engulfs you in water!
You block the water elemental's attack.
With effort, you pull free of the water engulfing you.
The water engulfing you falls away.
You barely miss the water elemental.
The water elemental completely misses you.
You hit the water elemental but do no damage.
The water elemental hits you!
Ouch! That really hurt!
* * * LOW HITPOINT WARNING * * *
The water elemental engulfs you in water!
The water elemental hits you!
You die...

▓..#..#....♣♣♣ ♣.# *
▓#'####....♣.♣ ♣.#{ ,*,,
▓.÷...#....≈♣♣♣♣♣.###+#+##
▓.....#...≈≈♣♣.♣..#.......
▓.....#..≈≈≈≈.♣♣..'.⌠.....
,
▓####'#..≈≈≈≈≈≈♣..#...####
* ▓.....#.≈≈≈≈≈≈....#.⌠.#_
* ▓...[.#.≈≈≈≈≈..E..#...#
▓.....#.≈≈≈...@...#+###
▓+#####...........# __
▓....%............# _
▓▓▓▓▓▓▓▓▓▓▓▓▓▓▓▓▓▓▓ ** * ,
≈ , ≈ , ≈ * ≈ *, , ≈ , * ,
* *


You could see a water elemental.

Vanquished Creatures
  A scorpion (D)
  Jessica (D)
  A human (D)
  An ooze (D)
  2 rats (D)
6 creatures vanquished.

Vanquished Creatures (others)
  2 draconian scorchers (D)
  A yaktaur (D)
  A plant (D)
4 creatures vanquished.

Grand Total: 10 creatures vanquished

Notes
Turn   | Place    | Note
--------------------------------------------------------------
     0 | D        | Kidiri the Gargoyle Fighter began the quest for the Orb.
     0 | D        | Reached XP level 1. HP: 14/14 MP: 1/1
    59 | D        | Noticed Jessica
    67 | D        | Killed Jessica
    67 | D        | Reached skill level 4 in Fighting
    67 | D        | Reached skill level 1 in Dodging
    67 | D        | Reached XP level 2. HP: 18/20 MP: 2/2
    67 | D        | Reached XP level 3. HP: 21/24 MP: 3/3
   148 | D        | Reached skill level 5 in Armour
   151 | D        | Killed a white draconian scorcher
   152 | D        | Killed a white draconian scorcher
   154 | D        | Killed a yaktaur
   171 | D        | Noticed a scorpion
   195 | D        | Killed a scorpion
   195 | D        | Reached skill level 5 in Shields
   195 | D        | Reached XP level 4. HP: 21/30 MP: 4/4
   233 | D        | Gained mutation: You passively map a small area around you. [potion of mutation]
   233 | D        | Gained mutation: You have a pair of small antennae on your head. [potion of mutation]
   233 | D        | Gained mutation: You expend magic power (3 MP) to strengthen your wands. [potion of mutation]
   234 | D        | Gained mutation: You are frail (-10% HP). [potion of mutation]
   234 | D        | Gained mutation: You can breathe flames. [potion of mutation]
   271 | D        | Noticed a water elemental
   279 | D        | HP: 1/27 [water elemental (17)]
   279 | D        | Mangled by a water elemental

Vault maps used:
D:        dungeon_sprint_mu

Action                   |  1- 3 |  4- 6 || total
-------------------------+-------+-------++-------
Melee: Flail             |    49 |     4 ||    53
  Use: Scroll            |       |     4 ||     4
       Potion            |       |     2 ||     2
